 Dungeon Crawl Stone Soup version 0.26-a0-651-gb41185065b (webtiles) character file.

Game seed: 7733696142419196120

19 kae the Ruffian (level 2, 0/25 HPs)
             Began as a Naga Transmuter on Oct 30, 2020.
             Hit by a stone thrown by a kobold (3 damage)
             ... on level 1 of the Dungeon.
             The game lasted 00:00:32 (767 turns).

kae the Ruffian (Naga Transmuter)                    Turns: 767, Time: 00:00:33

Health: 0/25       AC:  1    Str: 12    XL:     2   Next: 75%
Magic:  5/5        EV: 10    Int: 13    God:
Gold:   19         SH:  0    Dex: 11    Spells: 4/5 levels left

rFire    . . .     SeeInvis +     - Unarmed
rCold    . . .     Faith    .   (no shield)
rNeg     . . .     Spirit   .   a - +0 robe
rPois    +         Reflect  .   (no helmet)
rElec    .         Harm     .   (no cloak)
rCorr    .         Rampage  .   (no gloves)
MR       .....                  (no barding)
Stlth    +.........             (no amulet)
HPRegen  0.08/turn              (no ring)
MPRegen  0.09/turn              (no ring)

@: brilliant, lethally poisoned (0 -> -3), hasted, quick
A: large, see invisible, deformed body, poison resistance, slowness 2, spit
poison 1, AC +0
a: Spit Poison


You were on level 1 of the Dungeon.
You visited 1 branch of the dungeon, and saw 1 of its levels.

You collected 19 gold pieces.

Inventory:

Armour
 a - a +0 robe (worn)
Jewellery
 e - a cursed ring of resist corrosion {unknown}
Scrolls
 c - a scroll of amnesia {unknown}
 d - a scroll of identify {unknown}
Potions
 b - a potion of haste


   Skills:
 - Level 1.0 Fighting
 - Level 1.5 Dodging
 + Level 3.3 Unarmed Combat
 - Level 2.0 Spellcasting
 * Level 2.9 Transmutations


You had 4 spell levels left.
You knew the following spells:

 Your Spells              Type           Power        Failure   Level
a - Beastly Appendage     Tmut           ##....       8%          1

Your spell library contained the following spells:

 Spells                   Type           Power        Failure   Level
 Wereblood                Tmut           ##......     12%         2
 Spider Form              Tmut/Pois      #.........   38%         3
 Ice Form                 Ice/Tmut       #.......     80%         4
 Blade Hands              Tmut           ##........   91%         5


Dungeon Overview and Level Annotations

Branches:
Dungeon (1/15)

Altars:


Innate Abilities, Weirdness & Mutations

You cannot wear boots.
Your serpentine skin is tough. (AC +0)
You have supernaturally acute eyesight. (SInv)
Armour fits poorly on your strangely shaped body.
Your system is resistant to poisons. (rPois)
You cover ground very slowly.
You can spit poison.


Message History

You have got your breath back.
* * * LOW HITPOINT WARNING * * *
You feel sick.
It was a potion of haste.
You feel yourself speed up.
There is a lethal amount of poison in your body!
b - a potion of haste
* * * LOW HITPOINT WARNING * * *
You feel sick.
Things that are here:
a +0 club; a +2 dagger of venom; a goblin corpse Your horns disappear.
You see here a giant cockroach corpse.
You see here 22 stones.
* * * LOW HITPOINT WARNING * * *
You feel sick.
Found 10 gold pieces.
A kobold comes into view. It is wielding a +0 dagger.
The kobold shouts!
The kobold throws a stone.
The stone hits you.
You die...

............###.......
..............#.#.......
...####.....###.###..###
.$.......(..#.....#...#
........).###)###.###.#
...........(†.# ..$#.#
#........###.# ###.#
#..........#... #...#
#.....@..#.###.###..##
K..######.....#?#....###
+.....###.......
###........÷..####
..........÷...# #
...............# #
...............# #
...............# #
.................##


You could see a kobold.

Vanquished Creatures
  A dart slug (D:1)
  2 leopard geckos (D:1)
  2 giant cockroaches (D:1)
  2 hobgoblins (D:1)
  2 frilled lizards (D:1)
  3 goblins (D:1)
  2 kobolds (D:1)
  2 rats (D:1)
16 creatures vanquished.

Notes
Turn   | Place    | Note
-------+----------+-------------------------------------------
     0 | D:1      | kae the Naga Transmuter began the quest for the Orb.
     0 | D:1      | Reached XP level 1. HP: 18/18 MP: 3/3
   393 | D:1      | Reached XP level 2. HP: 12/25 MP: 3/5
   767 | D:1      | Hit by a stone thrown by a kobold

Illustrated notes

Levels and vault maps discovered:
D:1:      dpeg_arrival_boxorama, layout_basic, st_stairs_4, nrook_loot_triangle,
          minmay_quantized

Action                   || total
-------------------------++-------
Melee: Unarmed           ||    49
       Headbutt          ||     4
       Punch             ||     1
 Cast: Beastly Appendage ||     9
 Abil: Spit Poison       ||     6
  Use: Potion            ||     2
Armor: Robe              ||     7
Dodge: Dodged            ||    17

Table legend: (Time is in decaauts)
 A = Elapsed time spent in this place.
 B = Non-inter-level travel time spent in this place.
 C = Inter-level travel time spent in this place.
 D = Time resting spent in this place.
 E = Time spent auto-exploring this place.
 F = Levels seen in this place.
 G = Mean time per level.
                   A        B        C        D        E       F      G
               +--------+--------+--------+--------+--------+-----+--------+
         Total |    821 |    821 |      0 |      0 |    693 |   1 |  821.0 |
       Dungeon |    821 |    821 |      0 |      0 |    693 |   1 |  821.0 |
               +--------+--------+--------+--------+--------+-----+--------+

Top non-repeatable levels by time:
     D:1: 821 daAuts
